 Dungeon Crawl Stone Soup version 0.30-a0-1116-gebefce21f7 (webtiles) character file.

Game seed: 13439302341923424492

326392 LobsterGuardian the Slayer (level 20, -19/184 HPs)
             Began as a Demonspawn Gladiator on Apr 20, 2023.
             Was a Believer of Uskayaw.
             Demolished by a rockslime (36 damage)
             ... on level 5 of the Pits of Slime on Apr 22, 2023.
             The game lasted 03:24:55 (54984 turns).

LobsterGuardian the Slayer (Demonspawn Gladiator)  Turns: 54984, Time: 03:24:55

Health: -19/184    AC: 25    Str: 15    XL:     20   Next: 76%
Magic:  18/31      EV: 15    Int: 19    God:    Uskayaw [**....]
Gold:   577        SH:  8    Dex: 21    Spells: 17/19 levels left

rFire   + + +      SeeInvis +    x - +9 long sword "Giantbane" {flame, rF+++ rCorr Str-3 Int-2}
rCold   + . .      Faith    .    U - +1 buckler {reflect}
rNeg    . . .      Spirit   .    G - +15 Maxwell's patent armour {-Cast -Tele rElec Will+ rCorr}
rPois   +          Reflect  +    l - +1 helmet {Int+3}
rElec   +          Rampage  .    t - +0 cloak
rCorr   +          NoTele   +    (gloves unavailable)
Will    +++..      NoCast   +    y - +0 pair of boots Stlth
                                 L - amulet of regeneration
HPRegen 1.30/turn                B - ring of Vooduh {rC+ Will+ EV+5 Str+3}
MPRegen 0.22/turn                X - ring "Nerghu" {rPois rF+ SInv Stlth-}

@: corroded, on berserk cooldown, slowed, studying Polearms, unable to read,
very slow
A: claws 3, demonic guardian 3, ignite blood 3, big brain 3, corrupting presence
2, low MP 1, screaming 2, subdued magic 1, inability to read after injury 1,
devolution 1
}: 2/15 runes: decaying, serpentine
a: Renounce Religion, Stomp, Line Pass


You were on level 5 of the Pits of Slime.
You worshipped Uskayaw.
Uskayaw was greatly pleased with you.
You visited 9 branches of the dungeon, and saw 42 of its levels.
You visited the Abyss 1 time.

You collected 3091 gold pieces.
You spent 2514 gold pieces at shops.

Inventory:

Hand Weapons
 s - a +3 demon blade of flaming
 x - the +9 long sword "Giantbane" (weapon) {flame, rF+++ rCorr Str-3 Int-2}
   (You found it on level 1 of the Elven Halls)

   Str:       It affects your strength (-3).
   Int:       It affects your intelligence (-2).
   rF:        It renders you almost immune to fire.
   rCorr:     It protects you from acid and corrosion.
 I - a +2 spectral demon blade
Missiles
 p - 50 stones
 q - 20 poisoned darts
 u - 5 datura-tipped darts
 v - a boomerang
 K - 7 atropa-tipped darts
 O - 13 curare-tipped darts
 P - 2 throwing nets
 Q - 3 boomerangs of dispersal (quivered)
Armour
 l - a +1 helmet of intelligence (worn)
 t - a +0 cloak (worn)
 y - a +0 pair of boots (worn)
 G - the +15 Maxwell's patent armour (worn) {-Cast -Tele rElec Will+ rCorr}
   (You acquired it on level 3 of the Lair of Beasts)

   rElec:     It insulates you from electricity.
   -Cast:     It prevents spellcasting.
   -Tele:     It prevents most forms of teleportation.
   rCorr:     It protects you from acid and corrosion.
   Will:      It increases your willpower.
 U - a +1 buckler of reflection (worn)
Jewellery
 m - a ring of protection from fire
 B - the ring of Vooduh (left claw) {rC+ Will+ EV+5 Str+3}
   (You found it on level 3 of the Swamp)

   [ring of evasion]

   EV:        It affects your evasion (+5).
   Str:       It affects your strength (+3).
   rC:        It protects you from cold.
   Will:      It increases your willpower.
 C - a ring of willpower
 L - an amulet of regeneration (around neck)
 X - the ring "Nerghu" (right claw) {rPois rF+ SInv Stlth-}
   (You bought it in a shop on level 2 of the Orcish Mines)

   [ring of see invisible]

   rF:        It protects you from fire.
   rPois:     It protects you from poison.
   SInv:      It lets you see invisible.
   Stlth:     It makes you less stealthy.
Wands
 b - a wand of roots (36)
 e - a wand of paralysis (43)
 A - a wand of polymorph (14)
 D - a wand of flame (102)
 N - a wand of digging (6)
 Y - a wand of quicksilver (27)
Scrolls
 a - 7 scrolls of vulnerability
 f - 4 scrolls of fog
 j - a scroll of butterflies
 k - a scroll of poison
 r - a scroll of enchant weapon
 w - 8 scrolls of enchant armour
 E - a scroll of brand weapon
 M - 3 scrolls of amnesia
 S - 3 scrolls of torment
 T - 3 scrolls of magic mapping
 V - 9 scrolls of teleportation
 W - 2 scrolls of fear
Potions
 c - a potion of resistance
 g - a potion of might
 h - 12 potions of curing
 i - 4 potions of brilliance
 n - a potion of magic
 z - 2 potions of ambrosia
 H - 2 potions of cancellation
 J - 7 potions of lignification
 R - 6 potions of flight
Miscellaneous
 o - a condenser vane


   Skills:
 * Level 22.4 Fighting
 - Level 14.0 Long Blades
 + Level 13.7 Throwing
 + Level 13.7 Armour
 * Level 11.7 Dodging
 - Level 4.3 Stealth
 + Level 10.2 Shields
 + Level 21.0 Invocations
 + Level 1.1 Evocations


You had 17 spell levels left.
You knew the following spells:

 Your Spells              Type           Power      Damage    Failure   Level
a - Blink                 Tloc           0%         N/A       96%         2

Your spell library contained the following spells:

 Spells                   Type           Power      Damage    Failure   Level
 Apportation              Tloc           0%         N/A       89%         1
 Freeze                   Ice            0%         1d3       89%         1
 Necrotise                Necr           0%         1d4       89%         1
 Shock                    Conj/Air       0%         1d3       89%         1
 Summon Small Mammal      Summ           0%         N/A       89%         1
 Cigotuvi's Dreadful Rot  Necr/Pois/Air  0%         N/A       96%         2
 Ensorcelled Hibernation  Hex/Ice        0%         N/A       96%         2
 Lesser Beckoning         Tloc           0%         N/A       96%         2
 Static Discharge         Conj/Air       0%         2-2/arc   96%         2
 Gell's Gravitas          Tloc           0%         N/A       99%         3
 Spider Form              Tmut/Pois      0%         N/A       99%         3
 Swiftness                Air            0%         N/A       99%         3
 Teleport Other           Tloc           0%         N/A       99%         3
 Tukima's Dance           Hex            0%         N/A       99%         3
 Vampiric Draining        Necr           0%         2d6       99%         3
 Vhi's Electric Charge    Tloc/Air       0%         N/A       99%         3
 Airstrike                Air            0%         2d(0-16)  100%        4
 Animate Dead             Necr           0%         N/A       100%        4
 Dispel Undead            Necr           0%         3d6       100%        4
 Leda's Liquefaction      Hex/Erth       0%         N/A       100%        4
 Manifold Assault         Tloc           0%         N/A       100%        4
 Passage of Golubria      Tloc           0%         N/A       100%        4
 Petrify                  Tmut/Erth      0%         N/A       100%        4
 Summon Ice Beast         Ice/Summ       0%         N/A       100%        4
 Summon Lightning Spire   Summ/Air       0%         N/A       100%        4
 Agony                    Necr           0%         N/A       100%        5
 Alistair's Intoxication  Tmut/Pois      0%         N/A       100%        5
 Arcjolt                  Conj/Air       0%         1d10      100%        5
 Freezing Cloud           Conj/Ice/Air   0%         6-21      100%        5
 Iskenderun's Battlesphe  Conj           0%         2d6       100%        5
 Lee's Rapid Deconstruct  Erth           0%         3d4*      100%        5
 Metabolic Englaciation   Hex/Ice        0%         N/A       100%        5
 Silence                  Hex/Air        0%         N/A       100%        5
 Summon Forest            Summ/Tloc      0%         N/A       100%        5
 Summon Mana Viper        Hex/Summ       0%         N/A       100%        5
 Yara's Violent Unravell  Hex/Tmut       0%         3d3       100%        5
 Conjure Ball Lightning   Conj/Air       0%         3x3d6     100%        6
 Death Channel            Necr           0%         N/A       100%        6
 Eringya's Noxious Bog    Tmut/Pois      0%         N/A       100%        6
 Iron Shot                Conj/Erth      0%         9d1       100%        6
 Statue Form              Tmut/Erth      0%         N/A       100%        6
 Haunt                    Necr/Summ      0%         N/A       100%        7
 Monstrous Menagerie      Summ           0%         N/A       100%        7
 Spellforged Servitor     Conj/Summ      0%         N/A       100%        7
 Storm Form               Tmut/Air       0%         N/A       100%        7
 Summon Hydra             Summ           0%         N/A       100%        7
 Discord                  Hex            0%         N/A       100%        8
 Disjunction              Tloc           0%         N/A       100%        8
 Infestation              Necr           0%         N/A       100%        8
 Lehudib's Crystal Spear  Conj/Erth      0%         10d2      100%        8
 Maxwell's Capacitive Co  Air            0%         ∞         100%        8
 Chain Lightning          Conj/Air       0%         N/A       100%        9


Dungeon Overview and Level Annotations

Branches:
Dungeon (15/15)            Temple (1/1) D:7            Lair (5/5) D:10
  Swamp (4/4) Lair:2        Snake (4/4) Lair:2        Slime (5/5) Lair:4
    Orc (2/2) D:9             Elf (2/3) Orc:2        Vaults (4/5) D:14
  Crypt (0/3) Vaults:3     Depths (0/4) D:15

Altars:
Ashenzari
Cheibriados
Dithmenos
Fedhas
Gozag
Hepliaklqana
Kikubaaqudgha
Makhleb
Nemelex Xobeh
Okawaru
Qazlal
Ru
Sif Muna
Trog
Uskayaw
Vehumet
Wu Jian
Xom
Yredelemnul
Jiyva

Shops:
D:1 !   D:4 (   D:5 ?   D:8 :   D:10 *   Orc:2 *[(=[   Elf:1 :!?[   Elf:2 [::
Snake:4 =   Vaults:1 :   Vaults:2 [

Portals:
Abyss: D:11

Annotations:
Swamp:1 1 runed translucent door
Slime:5 Royal Jelly
Elf:2 3 runed translucent doors
Vaults:4 Zenata


Innate Abilities, Weirdness & Mutations

You have claws for hands.
A powerful demonic guardian rushes to your aid.
Your demonic aura causes all spilled blood to erupt in flames.
You have an absolutely massive brain. (Int +6, Wiz)
Your presence sometimes corrodes or deforms those you injure.
Your magical capacity is low. (-10% MP)
You frequently scream uncontrollably at your foes.
Your spells are a little easier to cast, but a little less powerful.
You occasionally lose the ability to read scrolls when taking damage.
You have hidden genetic defects.


Message History

The Royal Jelly is engulfed in blazing flames.
The rockslime hits you!!
You feel threatened and lose the ability to read scrolls!
* * * LOW HITPOINT WARNING * * *
A demonic guardian appears!
You hold your ground!
The acid blob spits acid at you.
Your +1 buckler of reflection blocks the splash of acid... and reflects it back!
The splash of acid hits the acid blob.
The acid blob completely resists.
The slime creature is engulfed in blazing flames.
The slime creature hits you but does no damage.
The slime creature is engulfed in blazing flames.
The slime creature hits you!
* * * LOW HITPOINT WARNING * * *
The acid blob spits acid at you. The splash of acid hits you. You resist.
* * * LOW HITPOINT WARNING * * *
The Royal Jelly is engulfed in blazing flames.
The Royal Jelly shudders.
The Royal Jelly spits out another jelly.
The azure jelly is engulfed in blazing flames.
The rockslime completely misses you.
Unknown command.
Unknown command.
Unknown command.
You are too injured to fight recklessly!
Okay, then.
You cannot read scrolls in your current state!
Unknown command.
Okay, then.
You feel better.
The sentinel's mark upon you fades away.
You can read scrolls again.
The acid blob spits acid at you. The splash of acid misses you.
The Royal Jelly is engulfed in blazing flames.
The Royal Jelly shudders.
The Royal Jelly spits out another jelly.
The rockslime hits you!!!
You feel threatened and lose the ability to read scrolls!
You die...

.......### .#
.........## .#
......J...#######.###
......J......##.....#
.........<........#
........G.........#
.................###
...........J§J.2...#
...........JJ@.....#
...........JJJJ....##
..........JJJJJ....#
.........J.J○J...##
......JJJ..J.....##
.......J○......#
..............##
.............#.#
.............###


You could see the Royal Jelly, 8 acid blobs, 3 azure jellies, a great orb of
eyes, 6 slime creatures, 3 rockslimes, 2 quicksilver oozes and a friendly reaper
(summoned).

Vanquished Creatures
  A bone dragon (Swamp:4)
  A tentacled monstrosity (Swamp:3)
  An Ice Fiend (Vaults:3)
  Asterion (Elf:2)
  2 quicksilver dragons (Snake:4)
  6 acid blobs
  Frances (Swamp:1)
  2 sphinxes
  5 rockslimes
  A tengu reaver (Vaults:1)
  2 azure jellies
  3 nagarajas
  A fire giant (Vaults:2)
  10 vault wardens
  A curse skull (Vaults:3)
  Louise (Elf:1)
  11 ironbound preservers
  4 orc warlords
  4 quicksilver oozes
  5 very ugly things
  3 ironbound thunderhulks
  8 eleionomae
  9 dire elephants
  Azrael (Elf:1)
  A crystal guardian (Vaults:3)
  2 bunyips
  2 fire dragons
  The ghost of Hily the Summoner, a journeyman FeSu of Gozag (Swamp:3)
  An eidolon (Vaults:3)
  Josephine (Lair:3)
  A deep elf high priest (Vaults:1)
  An entropy weaver (Vaults:3)
  8 yaktaur captains
  A shambling mangrove (Swamp:3)
  10 vault guards
  9 great orbs of eyes
  73 slime creatures
  The ghost of BlueFalcon the Carver, a journeyman DsVM of Kikubaaqudgha (D:10)
  Fannar (D:10)
  A peacekeeper (Vaults:2)
  2 salamander tyrants (Snake:4)
  The ghost of Rudyous the Destroyer, a journeyman DsFE of Vehumet (D:11)
  12 hydras
  An ice dragon (D:15)
  2 death knights (Vaults:3)
  4 catoblepae
  4 ironbound frosthearts
  12 anacondas
  4 boulder beetles
  11 centaur warriors
  2 ghost crabs (Swamp:4)
  15 dancing weapons
  6 death yaks
  6 alligators
  6 two-headed ogres
  6 naga warriors
  The ghost of mandoloar the Cleaver, a novice GnRe of Cheibriados (D:8)
  15 naga sharpshooters
  3 orc high priests
  2 shock serpents
  6 deep elf knights
  2 skysharks
  Sonja (Lair:1)
  A salamander mystic (Snake:3)
  A shadow wraith (Vaults:1)
  10 skeletal warriors
  3 spriggan druids
  A deep troll (shapeshifter) (Vaults:3)
  5 goliath frogs
  A death drake (Swamp:4)
  23 deep trolls
  6 swamp dragons
  3 spectral hydras (Swamp:4)
  A glowing orange brain (Slime:2)
  2 naga ritualists (Snake:4)
  4 deep elf archers
  A golden dragon skeleton (Vaults:3)
  2 wizards
  8 lindwurms
  11 harpies
  10 bog bodies
  13 salamanders
  17 deep elf zephyrmancers
  2 phantasmal warriors
  18 ironbound convokers
  12 orc knights
  15 deep elf pyromancers
  A large abomination (D:11)
  12 ugly things
  A necromancer (Vaults:3)
  An orc sorcerer (Orc:2)
  A tengu skeleton (Vaults:3)
  4 shining eyes
  4 mana vipers
  2 will-o-the-wisps
  11 cyclopes
  6 manticores
  2 moths of wrath
  3 eyes of devastation
  2 toenail golems (D:11)
  5 guardian serpents
  2 demonic crawlers (Elf:1)
  18 elephants
  A human skeleton (Vaults:3)
  7 vault sentinels
  7 naga magi
  19 black mambas
  2 torpor snails
  3 gargoyles
  17 cane toads
  A cane toad (shapeshifter) (Elf:2)
  An unseen horror (D:11)
  A rime drake (Lair:4)
  A kobold demonologist (D:13)
  5 swamp worm zombies (Swamp:4)
  A rime drake (shapeshifter) (D:14)
  2 efreet (D:14)
  10 komodo dragons
  14 yaktaurs
  An ice devil (D:12)
  A tengu conjurer (D:15)
  7 trolls
  14 hornets
  11 tyrant leeches
  3 bloated husks
  2 polar bears
  4 hydra zombies (Swamp:4)
  2 alligator zombies (Swamp:4)
  17 blink frogs
  3 spectral swamp dragons (Swamp:4)
  2 air elementals
  A slime creature (shapeshifter) (Vaults:2)
  2 shadows (D:9)
  7 wraiths
  56 yaks
  3 water elementals
  A ynoxinul (Abyss:2)
  2 fire elementals (Elf:1)
  2 wyverns
  An ettin skeleton (Vaults:3)
  9 spriggans
  A vampire (D:9)
  9 golden eyes
  5 steam dragons
  Menkaure (D:7)
  7 basilisks
  A chaos spawn (Abyss:2)
  13 swamp worms
  2 redbacks (Vaults:3)
  17 vampire mosquitoes
  7 wargs
  25 nagas
  12 water moccasins
  3 floating eyes (Slime:2)
  5 hell hounds (Elf:1)
  A glowing shapeshifter skeleton (Vaults:3)
  A black bear (D:9)
  An ice beast (D:6)
  45 orc warriors
  3 swamp dragon zombies (Swamp:4)
  5 ogres
  13 centaurs
  6 wolves
  11 phantoms
  Blork the orc (D:6)
  A kobold brigand (D:8)
  12 bullfrogs
  3 gnoll sergeants
  2 necrophages (D:4)
  2 earth elementals (Elf:1)
  5 scorpions
  8 wights
  2 troll zombies (D:9)
  19 killer bees
  An electric eel (Lair:3)
  6 howler monkeys
  8 hounds
  24 orc priests
  3 jellies
  4 sleepcaps
  An iguana (D:7)
  28 orc wizards
  4 hell rats (Lair:5)
  2 spectral swamp drakes (Swamp:4)
  6 ogre zombies (D:9)
  A boggart simulacrum (D:14)
  Robin (D:2)
  8 gnolls (D:9)
  10 adders
  A white imp (D:6)
  An adder zombie (D:4)
  2 worms (D:5)
  2 dart slugs (D:2)
  84 orcs
  12 endoplasms
  9 giant cockroaches
  13 goblins
  11 hobgoblins
  5 jackals
  6 kobolds
  2 quokkas
  6 ball pythons
  4 bats
  A frilled lizard (D:1)
  3 goblin zombies (D:9)
  A hobgoblin skeleton (D:9)
  5 hobgoblin zombies (D:9)
  4 orc skeletons (D:9)
  12 orc zombies (D:9)
  6 rats
1356 creatures vanquished.

Vanquished Creatures (collateral kills)
  3 acid blobs
  Roxanne (Swamp:2)
  A quicksilver ooze (Slime:1)
  An ironbound preserver (Vaults:2)
  3 ironbound thunderhulks
  An eleionoma (Swamp:2)
  The ghost of Myst the Cleaver, a journeyman MiFi of Okawaru (Lair:1)
  A salamander tyrant (Snake:4)
  A peacekeeper (Vaults:3)
  An anaconda (Snake:1)
  2 dancing weapons
  An alligator (Swamp:4)
  A boulder beetle (Vaults:2)
  Urug (D:10)
  3 naga warriors (Snake:4)
  A naga sharpshooter (Snake:4)
  A shock serpent (Snake:4)
  2 naga ritualists
  A deep troll (Vaults:2)
  A wizard (Vaults:3)
  A phantasmal warrior (Vaults:1)
  A harpy (Vaults:3)
  An orc knight (Vaults:1)
  A deep elf pyromancer (Elf:1)
  A will-o-the-wisp (Swamp:3)
  A shining eye (Slime:2)
  2 water nymphs (Swamp:1)
  10 slime creatures
  A demonic crawler (Elf:1)
  A guardian serpent (Snake:4)
  An eye of devastation (Slime:2)
  A komodo dragon (Lair:2)
  A yaktaur (Vaults:2)
  An ice devil (D:12)
  A hornet (Swamp:1)
  A spriggan (Swamp:1)
  A yak (Lair:1)
  A wraith (D:12)
  2 swamp worms
  An ice beast (D:6)
  An orc warrior (Orc:2)
  2 wights (D:9)
  A shadow imp (D:6)
  An orc (Orc:2)
64 creatures vanquished.

Vanquished Creatures (others)
  An eleionoma (Swamp:2)
  A deep elf knight (Elf:2)
  5 bloated husks
  A phantom (Swamp:4)
  33 bushes
  34 foxfires
  9 fungi
  59 plants
  2 withered plants (Swamp:3)
145 creatures vanquished.

Grand Total: 1565 creatures vanquished

Notes
Turn   | Place    | Note
-------+----------+-------------------------------------------
     0 | D:1      | LobsterGuardian the Demonspawn Gladiator began the quest
                  | for the Orb.
     0 | D:1      | Reached XP level 1. HP: 16/16 MP: 1/1
   202 | D:1      | Gained mutation: Your demonic aura sometimes causes spilled
                  | blood to erupt in flames. [demonic ancestry]
   202 | D:1      | Reached XP level 2. HP: 22/22 MP: 2/2
   205 | D:1      | Found Vieveq's Distillery.
   733 | D:2      | Noticed Robin
   743 | D:2      | Gained mutation: You have an unusually large brain. (Int
                  | +2) [demonic ancestry]
   743 | D:2      | Reached XP level 3. HP: 14/28 MP: 3/3
   962 | D:2      | Killed Robin
  1161 | D:2      | Gained mutation: You have an extremely huge brain. (Int +4)
                  | [demonic ancestry]
  1161 | D:2      | Reached XP level 4. HP: 14/34 MP: 4/4
  1762 | D:3      | Found a stormy altar of Qazlal.
  2329 | D:3      | Identified the +0 robe of Hubris {rC+ Will- Dex+2}
  2480 | D:3      | Identified the +2 sling of Itiega Dana {flame, Drain rPois
                  | Str+5}
  2509 | D:3      | Reached skill level 3 in Fighting
  2527 | D:3      | Gained mutation: Your demonic aura often causes spilled
                  | blood to erupt in flames. [demonic ancestry]
  2527 | D:3      | Reached XP level 5. HP: 16/35 MP: 5/5
  2704 | D:3      | Found a sparkling altar of Nemelex Xobeh.
  2784 | D:4      | Identified the +3 ring mail of Blue Skies {rF+ Str+2 SInv}
  2807 | D:4      | Reached skill level 1 in Armour
  2825 | D:4      | Found Kaatebac's Weapon Emporium.
  2867 | D:4      | Found a blossoming altar of Fedhas.
  2944 | D:4      | Found a burning altar of Makhleb.
  2990 | D:4      | Noticed an ogre
  2997 | D:4      | Killed an ogre
  2998 | D:4      | Reached skill level 1 in Stealth
  2998 | D:4      | Reached XP level 6. HP: 44/47 MP: 6/6
  3094 | D:4      | Noticed a water moccasin
  3102 | D:4      | Killed a water moccasin
  3623 | D:5      | Entered Level 5 of the Dungeon
  3623 | D:5      | Found Meerrug's Magic Scroll Boutique.
  3665 | D:5      | Reached skill level 4 in Fighting
  3667 | D:5      | Gained mutation: You have sharp fingernails. [demonic
                  | ancestry]
  3667 | D:5      | Reached XP level 7. HP: 23/54 MP: 7/7
  3692 | D:5      | Reached skill level 5 in Long Blades
  3865 | D:5      | You fall into a shaft and drop 2 floors!
  3878 | D:7      | Found a broken altar of Ashenzari.
  4134 | D:7      | Identified the +0 falchion of Callousness {protect, Dex+4}
  4329 | D:6      | Gained mutation: A weak demonic guardian rushes to your
                  | aid. [demonic ancestry]
  4329 | D:6      | Reached XP level 8. HP: 59/61 MP: 8/8
  4376 | D:6      | Reached skill level 5 in Fighting
  4391 | D:6      | Noticed Blork the orc
  4413 | D:6      | Killed Blork the orc
  5345 | D:6      | Reached skill level 6 in Fighting
  5436 | D:6      | Found a sacrificial altar of Ru.
  5749 | D:7      | Reached XP level 9. HP: 61/69 MP: 9/9
  6030 | D:7      | Found an opulent altar of Gozag.
  6031 | D:7      | Noticed Menkaure
  6039 | D:7      | Killed Menkaure
  6143 | D:7      | Found a staircase to the Ecumenical Temple.
  6314 | Temple   | Entered the Ecumenical Temple
  6543 | Temple   | Became a worshipper of Uskayaw the Reveller
  6642 | D:7      | Reached * piety under Uskayaw
  6728 | D:8      | Reached ** piety under Uskayaw
  6764 | D:8      | Upgraded the game from 0.30-a0-1112-gfb780f5df6 to
                  | 0.30-a0-1114-gd936c97349
  6777 | D:8      | Reached skill level 1 in Invocations
  6824 | D:8      | Noticed a two-headed ogre
  6856 | D:8      | Killed a two-headed ogre
  7068 | D:8      | Found a hazy altar of Hepliaklqana.
  7097 | D:8      | Found an iron altar of Okawaru.
  7223 | D:8      | Reached skill level 5 in Dodging
  7224 | D:8      | Reached *** piety under Uskayaw
  7282 | D:8      | Found Weis's Vocational Training.
  7405 | D:8      | Reached XP level 10. HP: 73/77 MP: 13/13
  7499 | D:8      | Reached skill level 5 in Throwing
  7499 | D:8      | Reached skill level 5 in Invocations
  7518 | D:8      | Reached skill level 7 in Fighting
  7574 | D:8      | Noticed mandoloar's ghost (novice GnRe)
  7575 | D:8      | Found a bloodstained altar of Trog.
  7592 | D:8      | Found a transporter.
  7597 | D:8      | Noticed a moth of wrath
  7611 | D:8      | Found a transporter.
  7871 | D:9      | Paralysed by a hornet for 2 turns
  7877 | D:9      | Paralysed by a hornet for 1 turns
  7881 | D:9      | Found an ornate altar of the Wu Jian Council.
  7883 | D:9      | Reached skill level 5 in Armour
  8256 | D:9      | Reached **** piety under Uskayaw
  8953 | D:9      | Found a staircase to the Orcish Mines.
  9682 | D:9      | Reached skill level 8 in Fighting
  9962 | D:9      | Found a basalt altar of Yredelemnul.
 10397 | D:10     | Entered Level 10 of the Dungeon
 10402 | D:10     | Noticed Urug
 10432 | D:9      | Gained mutation: A demonic guardian rushes to your aid.
                  | [demonic ancestry]
 10432 | D:9      | Reached XP level 11. HP: 77/86 MP: 16/16
 11039 | D:10     | Found a shadowy altar of Dithmenos.
 11072 | D:10     | Killed Urug
 11333 | D:10     | Found Kafeuf's Elemental Accessories.
 11360 | D:10     | Found a transporter.
 11387 | D:10     | Noticed Fannar
 11397 | D:10     | Killed Fannar
 11643 | D:10     | Found a transporter.
 11647 | D:10     | Noticed BlueFalcon's ghost (journeyman DsVM)
 11868 | D:10     | Found a staircase to the Lair.
 12028 | D:11     | Noticed a two-headed ogre
 12028 | D:11     | Found a transporter.
 12039 | D:11     | Killed a two-headed ogre
 12123 | D:11     | Noticed a large abomination
 12137 | D:11     | Noticed a skeletal warrior
 12181 | D:11     | Noticed a purple ugly thing
 12190 | D:11     | Killed a purple ugly thing
 12278 | Orc:1    | Entered Level 1 of the Orcish Mines
 12292 | Orc:1    | Noticed an orc high priest
 12296 | Orc:1    | Noticed a sun demon
 12299 | Orc:1    | Noticed a sixfirhy
 12502 | Orc:1    | Killed an orc high priest
 12503 | Orc:1    | Reached skill level 9 in Fighting
 12683 | Orc:2    | Entered Level 2 of the Orcish Mines
 12697 | Orc:2    | Found Jairgh's Armour Boutique.
 12802 | Orc:2    | Reached ***** piety under Uskayaw
 12809 | Orc:2    | Reached ****** piety under Uskayaw
 12957 | Orc:2    | Found a staircase to the Elven Halls.
 13308 | Orc:1    | Gained mutation: Your demonic aura causes all spilled blood
                  | to erupt in flames. [demonic ancestry]
 13308 | Orc:1    | Reached XP level 12. HP: 95/95 MP: 18/18
 13631 | Orc:2    | Noticed an orc high priest
 13684 | Orc:2    | Killed an orc high priest
 13847 | Orc:2    | Noticed an orc high priest
 13857 | Orc:2    | Killed an orc high priest
 13858 | Orc:2    | Reached skill level 10 in Long Blades
 13859 | Orc:2    | Noticed an orc warlord
 14098 | D:11     | Noticed a two-headed ogre
 14107 | D:11     | Killed a two-headed ogre
 14108 | D:11     | Reached skill level 10 in Invocations
 14182 | D:11     | Noticed a two-headed ogre
 14194 | D:11     | Killed a two-headed ogre
 14306 | D:11     | Found a transporter.
 14469 | D:11     | Noticed Rudyous's ghost (journeyman DsFE)
 14470 | D:11     | Found a one-way gate to the infinite horrors of the Abyss.
 14525 | D:11     | Learned a level 2 spell: Blink
 14525 | D:11     | Identified a scroll of acquirement
 14525 | D:11     | Acquired a manual of Fighting
 14700 | D:12     | Noticed a two-headed ogre
 14713 | D:12     | Killed a two-headed ogre
 14761 | D:12     | Noticed a two-headed ogre
 14773 | D:12     | Killed a two-headed ogre
 14774 | D:12     | Reached skill level 10 in Fighting
 14787 | D:12     | Noticed a boulder beetle
 14798 | D:12     | a boulder beetle changed into a fire dragon
 14798 | D:12     | Noticed a fire dragon
 14811 | D:12     | Killed a fire dragon
 15321 | Orc:2    | Killed an orc warlord
 15524 | Orc:2    | Found Wani Daq's Antique Weapon Shop.
 15529 | Orc:2    | Found Rumijosch's Antique Armour Boutique.
 15582 | Orc:2    | Found Heseed's Assorted Antiques.
 15848 | D:8      | Bought a manual of Invocations for 960 gold pieces
 15927 | Orc:2    | Found Ukothru Bucw's Jewellery Boutique.
 16592 | D:12     | Gained mutation: You have an absolutely massive brain. (Int
                  | +6, Wiz) [demonic ancestry]
 16592 | D:12     | Reached XP level 13. HP: 104/104 MP: 21/21
 17642 | D:13     | Found a hide-covered altar of Uskayaw.
 17690 | D:13     | Reached skill level 11 in Fighting
 18889 | D:14     | Got the Volume of Perfectionism
 18900 | D:14     | Identified the +0 ring mail "Teanua" {rElec rN+ rCorr}
 18966 | D:14     | Reached skill level 10 in Throwing
 20163 | D:14     | Found a gate to the Vaults.
 20343 | D:15     | Entered Level 15 of the Dungeon
 20358 | D:15     | Reached skill level 12 in Fighting
 20500 | D:15     | Found a hazy altar of Hepliaklqana.
 20779 | Lair:1   | Entered Level 1 of the Lair of Beasts
 20967 | Lair:1   | Noticed Sonja
 20979 | Lair:1   | Killed Sonja
 21001 | Lair:1   | Found an opulent altar of Gozag.
 21474 | Lair:1   | Found a runed translucent gate.
 21474 | Lair:1   | Found a runed translucent gate.
 21474 | Lair:1   | Found a runed translucent gate.
 21577 | Lair:1   | Noticed Myst's ghost (journeyman MiFi)
 21607 | Lair:1   | Reached skill level 1 in Shields
 21823 | Lair:1   | Gained mutation: You have very sharp fingernails. [demonic
                  | ancestry]
 21823 | Lair:1   | Reached XP level 14. HP: 108/116 MP: 24/24
 22457 | Lair:1   | Acquired a +2 demon blade of flaming
 22672 | Lair:2   | Reached skill level 13 in Fighting
 22883 | Lair:2   | Gained mutation: Your spells are a little easier to cast,
                  | but a little less powerful. [potion of mutation]
 22988 | Lair:2   | Found a staircase to the Snake Pit.
 23282 | Lair:2   | Lost mutation: Your spells are a little easier to cast, but
                  | a little less powerful. [potion of mutation]
 23282 | Lair:2   | Gained mutation: You are frail. (-10% HP) [potion of
                  | mutation]
 23282 | Lair:2   | Gained mutation: You occasionally shout uncontrollably at
                  | your foes. [potion of mutation]
 23283 | Lair:2   | Lost mutation: You occasionally shout uncontrollably at
                  | your foes. [potion of mutation]
 23283 | Lair:2   | Lost mutation: You are frail. (-10% HP) [potion of
                  | mutation]
 23283 | Lair:2   | Gained mutation: Your magical capacity is low. (-10% MP)
                  | [potion of mutation]
 23628 | Lair:2   | Found a staircase to the Swamp.
 24436 | Lair:3   | Noticed Josephine
 24439 | Lair:3   | Reached skill level 15 in Invocations
 24443 | Lair:3   | Killed Josephine
 25699 | Lair:3   | Acquired the +15 Maxwell's patent armour {-Cast -Tele rElec
                  | Will+ rCorr}
 25699 | Lair:3   | Found the +15 Maxwell's patent armour {-Cast -Tele rElec
                  | Will+ rCorr}
 25993 | Lair:4   | Found a viscous altar of Jiyva.
 25993 | Lair:4   | Found a staircase to the Slime Pits.
 26012 | Lair:4   | Reached skill level 14 in Fighting
 27025 | Lair:5   | Entered Level 5 of the Lair of Beasts
 27777 | Lair:5   | Gained mutation: A powerful demonic guardian rushes to your
                  | aid. [demonic ancestry]
 27777 | Lair:5   | Reached XP level 15. HP: 127/127 MP: 24/24
 28677 | D:14     | Reached skill level 15 in Fighting
 29789 | D:15     | Found a staircase to the Depths.
 30415 | Swamp:1  | Entered Level 1 of the Swamp
 30981 | Swamp:1  | Reached skill level 16 in Fighting
 31175 | Orc:2    | Bought the ring "Nerghu" {rPois rF+ SInv Stlth-} for 508
                  | gold pieces
 31672 | Swamp:1  | Noticed Frances
 31685 | Swamp:1  | Killed Frances
 31824 | Swamp:1  | Found a runed translucent door.
 32384 | Orc:2    | Bought a translucent scale mail for 342 gold pieces
 32384 | Orc:2    | Identified the +1 scale mail "Oginoq" {rF+} (You bought it
                  | in a shop on level 2 of the Orcish Mines)
 32525 | D:8      | Killed mandoloar's ghost
 32612 | D:10     | Killed BlueFalcon's ghost
 32772 | Abyss:2  | Cast into level 2 of the Abyss (skeletal warrior)
 32879 | D:11     | Escaped the Abyss
 32905 | D:11     | Killed Rudyous's ghost
 33221 | Snake:1  | Entered Level 1 of the Snake Pit
 33230 | Snake:1  | Gained mutation: You have claws for hands. [demonic
                  | ancestry]
 33230 | Snake:1  | Reached XP level 16. HP: 112/139 MP: 17/26
 35309 | Snake:3  | Reached skill level 17 in Fighting
 35962 | Snake:3  | Got the Lessons on the Green Chill
 36100 | Snake:3  | Reached skill level 5 in Shields
 36393 | Snake:4  | Entered Level 4 of the Snake Pit
 37017 | Snake:4  | Identified the +1 pair of gloves of Relativism {rElec rPois
                  | rC++ Str-4}
 38061 | Snake:4  | Found Uruf's Jewellery Shoppe.
 38708 | Snake:4  | Noticed a quicksilver dragon
 38708 | Snake:4  | Noticed a quicksilver dragon
 38715 | Snake:4  | Killed a quicksilver dragon
 38716 | Snake:4  | Reached XP level 17. HP: 148/148 MP: 27/27
 38720 | Snake:4  | Killed a quicksilver dragon
 38834 | Snake:4  | Got a serpentine rune of Zot
 39783 | Swamp:2  | Reached skill level 10 in Armour
 40208 | Swamp:2  | Noticed Roxanne
 40350 | Swamp:2  | Killed Roxanne
 40663 | Swamp:3  | Found a runed translucent door.
 40679 | Swamp:3  | Noticed Hily's ghost (journeyman FeSu)
 40734 | Swamp:3  | Reached skill level 18 in Fighting
 41000 | Swamp:3  | Upgraded the game from 0.30-a0-1114-gd936c97349 to
                  | 0.30-a0-1116-gebefce21f7
 41331 | Swamp:3  | Noticed a tentacled monstrosity
 41347 | Swamp:3  | Killed a tentacled monstrosity
 41601 | Swamp:3  | Killed Hily's ghost
 41603 | Swamp:3  | Identified the ring of Vooduh {rC+ Will+ EV+5 Str+3}
 41605 | Swamp:3  | Identified the +6 mace of Fee Simple {venom, MP+9}
 41657 | Swamp:4  | Entered Level 4 of the Swamp
 43580 | Swamp:4  | Noticed a bone dragon
 43623 | Swamp:4  | Killed a bone dragon
 43862 | Swamp:4  | Got a decaying rune of Zot
 44176 | Elf:1    | Entered Level 1 of the Elven Halls
 44356 | Elf:1    | Reached XP level 18. HP: 138/153 MP: 28/28
 44485 | Elf:1    | Found Laammot's Book Shop.
 44612 | Elf:1    | Paralysed by an air elemental for 1 turns
 44641 | Elf:1    | Found Peku Kio's Antique Armour Emporium.
 44647 | Elf:1    | Found Fucsoargh's Magic Scroll Shoppe.
 44765 | Elf:1    | Reached skill level 1 in Evocations
 44784 | Elf:1    | Reached skill level 19 in Fighting
 45083 | Elf:1    | Noticed Azrael
 45107 | Elf:1    | Killed Azrael
 45178 | Elf:1    | Noticed Louise
 45189 | Elf:1    | Killed Louise
 45519 | Elf:1    | Found Quck's Distillery.
 45561 | Elf:1    | Identified the +9 long sword "Giantbane" {flame, rF+++
                  | rCorr Str-3 Int-2}
 46121 | Elf:1    | Found a shimmering blue altar of Sif Muna.
 46141 | Elf:2    | Found Dylon's Book Shoppe.
 46141 | Elf:2    | Noticed Asterion
 46299 | Elf:2    | Killed Asterion
 46656 | Lair:1   | Killed Myst's ghost
 46810 | Orc:2    | Bought an amulet of regeneration for 480 gold pieces
 47485 | Elf:2    | Found Onluifiss's Antique Armour Shop.
 47488 | Elf:2    | Paralysed by an air elemental for 1 turns
 47493 | Elf:2    | Bought a runed scarf for 224 gold pieces
 47682 | Elf:2    | Found Orghug's Book Boutique.
 47857 | Elf:2    | Found a runed translucent gate.
 47858 | Elf:2    | Found a runed translucent gate.
 47858 | Elf:2    | Found a runed translucent gate.
 48150 | Vaults:1 | Entered Level 1 of the Vaults
 48560 | Vaults:1 | Found Dyro Yvo's Book Shop.
 48916 | Vaults:1 | Reached skill level 20 in Fighting
 49270 | Vaults:1 | Gained mutation: Your presence sometimes corrodes those you
                  | injure. [demonic ancestry]
 49270 | Vaults:1 | Reached XP level 19. HP: 169/169 MP: 30/30
 49294 | Vaults:1 | Reached skill level 10 in Dodging
 50241 | Vaults:2 | Found Ruqicw's Antique Armour Shop.
 51114 | Vaults:3 | Reached skill level 21 in Fighting
 51571 | Vaults:3 | Gained mutation: Your presence sometimes corrodes or
                  | deforms those you injure. [demonic ancestry]
 51571 | Vaults:3 | Reached XP level 20. HP: 138/180 MP: 31/31
 51812 | Vaults:3 | Found a staircase to the Crypt.
 52157 | Vaults:3 | Identified the +1 pair of gloves of the Dragon {rC+ Str+4}
 52517 | Vaults:4 | Noticed Zenata
 52533 | Vaults:4 | HP: 7/181 [+1 halberd of pain[Zenata] (7)]
 52942 | Slime:1  | Entered Level 1 of the Pits of Slime
 53233 | Slime:1  | Reached skill level 22 in Fighting
 53233 | Slime:1  | Reached skill level 10 in Shields
 53618 | Slime:2  | Paralysed by a floating eye for 4 turns
 53629 | Slime:2  | Paralysed by a floating eye for 3 turns
 53640 | Slime:2  | Gained mutation: You occasionally shout uncontrollably at
                  | your foes. [a shining eye]
 53641 | Slime:2  | Gained mutation: You have hidden genetic defects. [a
                  | shining eye]
 54048 | Slime:2  | Gained mutation: Your spells are a little easier to cast,
                  | but a little less powerful. [a shining eye]
 54058 | Slime:2  | Gained mutation: You frequently scream uncontrollably at
                  | your foes. [a shining eye]
 54470 | Slime:3  | Gained mutation: You occasionally lose the ability to read
                  | scrolls when taking damage. [a shining eye]
 54833 | Slime:5  | Entered Level 5 of the Pits of Slime
 54967 | Slime:5  | Noticed the Royal Jelly
 54983 | Slime:5  | HP: 5/184 [acid blob/splash of acid (6)]
 54984 | Slime:5  | Demolished by a rockslime

Illustrated notes

Levels and vault maps discovered:
D:1:      ebering_hopf_link, layout_loops_ring, serial_shops, shop
D:2:      layout_basic, uniq_robin
D:3:      layout_basic, nicolae_qazlal_general_emergency,
          nemelex_xobeh_ov_fountains_minmay
D:4:      layout_loops_cross, kennysheep_mini_moat, fedhas_altar_decomposition,
          serial_shops, shop, nicolae_titane
D:5:      nicolae_cairo_tiling, layout_cave_pools, nicolae_stop_n_shop_2,
          wad_floor_pattern_untrapped
D:6:      layout_basic, nicolae_ru_great_annihilating_truth, kennysheep_donut,
          uniq_blork_the_orc
D:7:      layout_basic, mainiacjoe_overflow_catwalk,
          mainiacjoe_overflow_24_doors, minmay_temple_entry_trees,
          enter_bailey_5, hangedman_decor_growths, minmay_misc_feat_square,
          uniq_menkaure
D:8:      layout_rooms, mainiacjoe_overflow_boulevard, old_standard_altar,
          gammafunk_ghost_wrathful_warriors, nicolae_shop_vocational
D:9:      layout_basic, mainiacjoe_overflow_small_starburst,
          mainiacjoe_overflow_concentric_impassable, zombieorc2_lemuel,
          kennysheep_big_empty_room, roderic_lattice_a
D:10:     layout_rooms, kennysheep_mini, grunt_lair_entry_orc_guard_hut,
          gammafunk_ghost_berserking_beasts, nicolae_elemental_shop,
          minmay_quadrilaterals, uniq_fannar, uniq_urug
D:11:     layout_rooms, gammafunk_ghost_abyssal_escape,
          minmay_misc_feat_more_columns, dk_vineyard_1
D:12:     layout_loops_corners, gauntlet_entry_generic, serial_rivers,
          chequers_serial_rivers_micro_d, chequers_serial_rivers_micro_e,
          chequers_serial_rivers_small_a, chequers_serial_rivers_small_b,
          portal_ice_cave_demonic_guard
D:13:     layout_long_grid, nicolae_uskayaw_murder_on_the_dancefloor
D:14:     layout_layer_cave, david_vaults_5, grunt_decor_arrowhead
D:15:     grunt_enter_depths_hoard, layout_stronghold, minmay_hedge_maze,
          nicolae_hepliaklqana_hippocampus
Temple:   dpeg_chambers_temple
Lair:1:   layout_gridlike, gammafunk_ghost_hydra_chop, basic_altar, st_stairs_3,
          beast_lair_carwin_1, lemuel_fruit_fields, uniq_sonja
Lair:2:   layout_cave_pods, minmay_swamp_entry_worms, dummy_snake_entry
Lair:3:   wad_woods_04, layout_layer_cave, serial_bayou_lagoon_a,
          fungi_pond_lemuel, st_stairs_9, uniq_josephine
Lair:4:   layout_layer_cave, nicolae_slime_entry_slimehenge
Lair:5:   evilmike_catoblepas_cave, layout_regular_city, minivault_23
Swamp:1:  gammafunk_mikee_crab_dinner, layout_basic_swamp,
          hangedman_swamp_lotus, nicolae_swamp_nymph_family_reunion,
          infiniplex_staircase_pool_2, uniq_frances
Swamp:2:  layout_falls_marsh, hangedman_swamp_blocks, infiniplex_staircase_pool,
          uniq_roxanne
Swamp:3:  nicolae_swamp_long_stream, layout_falls_marsh, gammafunk_ghost_grave,
          evilmike_swamp_ruin_rubble_1
Swamp:4:  swamp_pestilence, layout_basic_swamp
Snake:1:  layout_onion_interference
Snake:2:  layout_misc_corridors, grunt_megastairs_5
Snake:3:  layout_basic
Snake:4:  hellmonk_snake_rune_quicksilver_temple, layout_chambers, serial_shops,
          nicolae_shop_back_alley_shop
Slime:1:  layout_caves
Slime:2:  layout_caves, nicolae_slime_getting_an_eyeful
Slime:3:  layout_caves
Slime:4:  layout_caves
Slime:5
Orc:1:    layout_caves, basic_altar
Orc:2:    grunt_orc_community_town_hall, layout_caves,
          grunt_orc_community_big_house_1, grunt_orc_community_big_house_2,
          grunt_orc_community_house_1, grunt_orc_community_house_2,
          grunt_orc_community_house_1, grunt_orc_community_house_1,
          grunt_orc_community_house_3, grunt_orc_community_house_1,
          serial_shops, shop, basic_altar, david_defended_altar_orc
Elf:1:    eino_elf_arrival_shootout, layout_loops_corners, serial_shops,
          nicolae_shop_industrial_runoff, nicolae_book_shop_shelving, shop,
          nicolae_shop_stone, hangedman_elven_crosses_minicolossus,
          einodemon_crawler_minivault, lemuel_upstairs_altar, uniq_azrael,
          uniq_louise
Elf:2:    nicolae_elf_blades_crystal_corner, layout_geoelf_grid, serial_shops,
          nicolae_shop_tiny_real_fake_doors, shop, shop,
          hangedman_elf_simple_split, item_on_display_a, uniq_asterion
Vaults:1: ontoclasm_vaults_ring_small, grunt_vaults_swirl, dpeg_vaults_waves,
          nicolae_vaults_specimen_jars, vaults_mumra_minichess_inversion,
          vaults_dpeg_ring, hangedman_vaults_hat,
          vaults_room_grunt_arrival_checkpoint, ontoclasm_vaults_pinch,
          nicolae_vaults_little_squares_4, v_misc_9, grunt_vaults_hallway_long,
          layout_vaults_omnicross, serial_shops, shop
Vaults:2: vaults_room_fancy_cross, vaults_room_mumra_shop_pool, v_misc_3,
          hangedman_vaults_corner_blocks, st_more_cells,
          nicolae_vaults_angled_halls, vaults_standard_mumra_enter_the_diamond,
          ontoclasm_vaults_chip, vaults_mumra_lcd, v_alt_pattern_3, v_misc_27,
          v_pattern_5, vaults_room_stairs_pillars,
          nicolae_vaults_little_squares_4, v_alt_pattern_2,
          nicolae_vaults_asterisk, layout_vaults_omnibox
Vaults:3: nicolae_vaults_triangles, minmay_crypt_entry_simple_statues,
          hangedman_vaults_locks, vaults_mumra_hex, vaults_dpeg_encased_lava,
          nicolae_vaults_network_periphery, ontoclasm_vaults_ring_square,
          hangedman_vaults_trim, v_misc_26, v_misc_15,
          vaults_dpeg_emergency_exit, layout_vaults_ring
Vaults:4: gammafunk_ghost_spectres, vaults_room_ringed_pool,
          grunt_vaults_twisty, v_misc_3, vaults_room_corners, v_misc_10,
          layout_vaults_big_room, uniq_zenata

Skill      XL: |  1  2  3  4  5  6  7  8  9 10 11 12 13 14 15 16 17 18 19 20 |
---------------+-------------------------------------------------------------+-----
Long Blades    | 3 4 5 7 8 9 10 12 13 14 | 14.0
Throwing       | 2 3 4 5 6 9 10 11 12 13 | 13.7
Dodging        | 3 4 5 6 7 8 9 10 11 | 11.7
Fighting       | 3 4 6 8 9 10 12 14 16 17 18 20 21 22 | 22.4
Armour         | 1 2 3 4 5 6 7 8 9 10 11 12 13 | 13.7
Stealth        | 1 2 3 4 |  4.3
Invocations    | 4 6 9 11 13 16 18 20 21 | 21.0
Shields        | 1 2 4 5 7 8 9 10 | 10.2
Evocations     | 1 |  1.1

Action                     |  1- 3 |  4- 6 |  7- 9 | 10-12 | 13-15 | 16-18 | 19-21 || total
---------------------------+-------+-------+-------+-------+-------+-------+-------++-------
  Melee: Long sword        |   122 |   156 |    75 |       |       |   259 |   877 ||  1489
         Punch             |     2 |     1 |     7 |    10 |     5 |       |       ||    25
         Falchion          |       |       |   263 |   753 |   300 |       |       ||  1316
         Demon blade       |       |       |       |       |   668 |   987 |       ||  1655
   Fire: Sling             |       |     2 |       |       |       |       |       ||     2
  Throw: Throwing net      |       |     5 |     2 |     1 |       |       |       ||     8
         Javelin           |       |     3 |       |    31 |    86 |    73 |       ||   193
         Boomerang         |       |       |    58 |   261 |   136 |    50 |    17 ||   522
         Stone             |       |       |    12 |    59 |    59 |    72 |       ||   202
         Dart              |       |       |    10 |    30 |    59 |    93 |    27 ||   219
 Invoke: Stomp             |       |       |     1 |     1 |       |     3 |     1 ||     6
         Line Pass         |       |       |       |     1 |       |     2 |       ||     3
         Grand Finale      |       |       |       |     1 |       |     4 |       ||     5
  Evoke: Wand              |       |       |       |     6 |     7 |    27 |       ||    40
         Condenser vane    |       |       |       |       |     1 |     1 |       ||     2
    Use: Potion            |     4 |       |       |     9 |    10 |    11 |     4 ||    38
         Scroll            |     1 |     6 |     5 |    10 |    15 |       |     1 ||    38
   Stab: Sleeping          |     1 |     5 |     3 |     6 |     4 |       |       ||    19
         Held in net/web   |       |     2 |       |     1 |       |       |       ||     3
         Paralysed         |       |       |     1 |    40 |    84 |   131 |   109 ||   365
         Distracted        |       |       |     1 |     1 |       |     4 |     2 ||     8
         Invisible         |       |       |       |       |     5 |       |       ||     5
         Confused          |       |       |       |       |       |     1 |       ||     1
 Armour: Leather armour    |    48 |    14 |       |       |       |       |       ||    62
         Ring mail         |       |    22 |   148 |   321 |   175 |       |       ||   666
         Plate armour      |       |       |       |       |   279 |   738 |   363 ||  1380
  Dodge: Dodged            |    99 |   107 |   218 |   563 |   444 |   481 |   349 ||  2261
  Block: Kite shield       |       |       |       |       |   343 |   488 |       ||   831
         Buckler           |       |       |       |       |       |    64 |   248 ||   312
         Reflection        |       |       |       |       |       |     8 |    14 ||    22

Table legend: (Time is in decaauts)
 A = Elapsed time spent in this place.
 B = Non-inter-level travel time spent in this place.
 C = Inter-level travel time spent in this place.
 D = Time resting spent in this place.
 E = Time spent auto-exploring this place.
 F = Levels seen in this place.
 G = Mean time per level.
                   A        B        C        D        E       F      G
               +--------+--------+--------+--------+--------+-----+--------+
         Total |  54559 |  48883 |   5676 |    605 |  39466 |  43 | 1268.8 |
       Dungeon |  20858 |  18480 |   2378 |    141 |  14859 |  15 | 1390.5 |
        Temple |    242 |    208 |     34 |      0 |    196 |   1 |  242.0 |
          Lair |   8891 |   7570 |   1321 |     33 |   6458 |   5 | 1778.2 |
         Swamp |   6012 |   5669 |    343 |    179 |   4465 |   4 | 1503.0 |
     Snake Pit |   6233 |   6015 |    218 |    115 |   5184 |   4 | 1558.2 |
    Slime Pits |   1956 |   1861 |     95 |    132 |   1293 |   5 |  391.2 |
  Orcish Mines |   2832 |   2087 |    745 |      0 |   1482 |   2 | 1416.0 |
   Elven Halls |   2979 |   2697 |    282 |      0 |   2183 |   2 | 1489.5 |
        Vaults |   4450 |   4194 |    256 |      5 |   3271 |   4 | 1112.5 |
         Abyss |    103 |    103 |      0 |      0 |     71 |   1 |  103.0 |
               +--------+--------+--------+--------+--------+-----+--------+

Top non-repeatable levels by time:
 Snake:4: 3031 daAuts
     D:9: 2880 daAuts
  Lair:2: 2350 daAuts
   Orc:2: 2161 daAuts
 Swamp:4: 2129 daAuts
   Elf:1: 2095 daAuts
  Lair:1: 2067 daAuts
    D:14: 1889 daAuts
  Lair:3: 1729 daAuts
    D:15: 1697 daAuts
    D:12: 1674 daAuts
    D:13: 1645 daAuts
Vaults:3: 1608 daAuts
 Swamp:1: 1589 daAuts
    D:10: 1530 daAuts
